 Dungeon Crawl Stone Soup version 0.21.1-1-g345015fe64 (webtiles) character file.

140 Ablot the Magician (level 5, -1/64 HPs)
             Began as a Gnoll Wanderer on July 24, 2018.
             Slain by Bergy's ghost (10 damage)
             ... on level 3 of the Dungeon.
             The game lasted 00:08:43 (2767 turns).

Ablot the Magician (Gnoll Wanderer)                 Turns: 2767, Time: 00:08:44

Health: -1/64      AC: 22    Str: 11 (13) XL:     5   Next: 23%
Magic:  6/12       EV:  2    Int: 14 (15) God:
Gold:   54         SH:  0    Dex: 13 (16) Spells: 10/14 levels left

rFire    . . .     SeeInvis .   y - +0 quarterstaff
rCold    . . .     Gourm    .   (shield currently unavailable)
rNeg     + + +     Faith    .   (armour currently unavailable)
rPois    +         Spirit   .   (helmet currently unavailable)
rElec    .         Reflect  .   (cloak currently unavailable)
rCorr    .         Harm     .   (gloves currently unavailable)
MR       .....     NoTele   +   (boots currently unavailable)
Stlth    ++........             (no amulet)
HPRegen  0.20/turn              (no ring)
MPRegen  0.13/turn              (no ring)

@: tree-form
A: distributed training, strong nose
a: no special abilities


You were on level 3 of the Dungeon.
You were not hungry.
You were a tree.
You visited 1 branch of the dungeon, and saw 3 of its levels.

You collected 54 gold pieces.

Inventory:

Hand Weapons
 e - a +0 dagger
 l - a +2 spear of pain
 y - a +0 quarterstaff (weapon)
Missiles
 k - 26 stones
 o - 11 poisoned needles
 q - 3 javelins (quivered)
 t - 18 arrows
 u - 14 tomahawks
 v - 17 sling bullets
Armour
 d - a +0 robe (melded)
 m - a cursed -2 chain mail
Jewellery
 s - an uncursed ring of magical power {unknown}
Wands
 a - a wand of flame (15)
Scrolls
 g - 2 scrolls of fear {unknown}
 h - 2 scrolls of identify {unknown}
 i - 2 scrolls of remove curse {unknown}
 j - 2 scrolls of teleportation {unknown}
 n - 2 scrolls of immolation {unknown}
 r - a scroll of noise {unknown}
 w - a scroll of random uselessness {unknown}
 x - a scroll of amnesia {unknown}
Books
 b - the Handbook of Calling

   Spells                             Type                      Level
   a - Summon Small Mammal            Summoning                    1
   b - Call Canine Familiar           Summoning                    3
Comestibles
 f - 4 rations
 z - a chunk of flesh


   Skills:
 + Level 4.7 Fighting
 + Level 1.4 Short Blades
 + Level 1.4 Long Blades
 + Level 1.4 Axes
 + Level 1.4 Maces & Flails
 + Level 1.4 Polearms
 + Level 4.7 Staves
 + Level 1.4 Slings
 + Level 1.4 Bows
 + Level 1.4 Crossbows
 + Level 2.9 Throwing
 + Level 1.4 Armour
 + Level 2.9 Dodging
 + Level 1.4 Stealth
 + Level 1.4 Shields
 + Level 1.4 Unarmed Combat
 + Level 5.1 Spellcasting
 + Level 2.3 Conjurations
 + Level 1.1 Hexes
 + Level 1.1 Charms
 + Level 1.1 Summonings
 + Level 1.1 Necromancy
 + Level 1.1 Translocations
 + Level 1.1 Transmutations
 + Level 1.1 Fire Magic
 + Level 1.1 Ice Magic
 + Level 1.1 Air Magic
 + Level 1.1 Earth Magic
 + Level 1.1 Poison Magic
 + Level 1.5 Invocations
 + Level 2.9 Evocations


You had 10 spell levels left.
You knew the following spells:

 Your Spells              Type           Power        Failure   Level  Hunger
a - Summon Small Mammal   Summ           #...         11%         1    None
b - Call Canine Familiar  Summ           #.......     32%         3    ###....


Dungeon Overview and Level Annotations

Branches:
Dungeon (3/15)

Altars:

Annotations:
D:3 Bergy's ghost, amateur GrFi


Innate Abilities, Weirdness & Mutations

Your experience applies equally to all skills.
((You have very sharp teeth.))
Your uncanny sense of smell can sniff out nearby items.


Message History

Your bat hits Bergy's ghost but does no damage. x2
Your rat bites Bergy's ghost but does no damage.
Your bat hits Bergy's ghost but does no damage.
You turn into a tree.
Your +0 robe melds into your body.
Your roots penetrate the ground.
Your bat hits Bergy's ghost but does no damage.
Your hound bites Bergy's ghost but does no damage.
Your bat hits Bergy's ghost but does no damage.
Bergy's ghost hits you but does no damage.
Your hound bites Bergy's ghost.
Your bat hits Bergy's ghost but does no damage.
Your rat bites Bergy's ghost but does no damage.
You hit Bergy's ghost but do no damage.
Bergy's ghost is heavily damaged.
Your bat hits Bergy's ghost but does no damage.
Your hound bites Bergy's ghost but does no damage.
Bergy's ghost hits you but does no damage.
Your rat bites Bergy's ghost but does no damage.
Bergy's ghost hits you!
You die...

#..........
#########.. #####
#.... #...# #.#..
#...# #.#.. #...#
#.##.
#...######.##.
######...#......###
#.♣.##...#)#.......
#.W.##..†#.#.######
#rhb##...#.#.#
#...##...'.#.#
#...##...###.#
#...##.......#
#...###'#.####
#..÷###[#.#
#...'[..#..


You could see Bergy's ghost, a friendly hound, a friendly bat and a friendly
rat.

Vanquished Creatures
  An adder (D:3)
  A dart slug (D:1)
  5 leopard geckos
  5 goblins
  3 hobgoblins
  7 jackals
  12 kobolds
  A ball python (D:1)
  2 bats
  3 frilled lizards
  4 rats
44 creatures vanquished.

Vanquished Creatures (collateral kills)
  Sigmund (D:2)
  2 jackals (D:1)
  A frilled lizard (D:1)
4 creatures vanquished.

Grand Total: 48 creatures vanquished

Notes
Turn   | Place    | Note
-------+----------+-------------------------------------------
     0 | D:1      | Ablot the Gnoll Wanderer began the quest for the Orb.
     0 | D:1      | Ablot set off with: a wand of flame (15), the Handbook of Calling, a potion of lignification, a +0 robe, a +0 dagger, a ration
     0 | D:1      | Reached XP level 1. HP: 20/20 MP: 6/6
     0 | D:1      | Identified the Handbook of Calling
     2 | D:1      | Learned a level 1 spell: Summon Small Mammal
   104 | D:1      | HP: 1/20 [jackal (3)]
   424 | D:1      | Reached XP level 2. HP: 26/26 MP: 7/7
  1045 | D:1      | Reached XP level 3. HP: 8/31 MP: 7/9
  1628 | D:1      | Reached skill level 5 in Spellcasting
  1699 | D:2      | Learned a level 3 spell: Call Canine Familiar
  1940 | D:2      | Noticed Sigmund
  1960 | D:2      | Killed Sigmund
  1960 | D:2      | Reached skill level 1 in Short Blades
  1960 | D:2      | Reached skill level 1 in Long Blades
  1960 | D:2      | Reached skill level 1 in Axes
  1960 | D:2      | Reached skill level 1 in Maces & Flails
  1960 | D:2      | Reached skill level 1 in Polearms
  1960 | D:2      | Reached skill level 1 in Slings
  1960 | D:2      | Reached skill level 1 in Bows
  1960 | D:2      | Reached skill level 1 in Crossbows
  1960 | D:2      | Reached skill level 1 in Armour
  1960 | D:2      | Reached skill level 1 in Stealth
  1960 | D:2      | Reached skill level 1 in Shields
  1960 | D:2      | Reached skill level 1 in Unarmed Combat
  1960 | D:2      | Reached skill level 1 in Hexes
  1960 | D:2      | Reached skill level 1 in Charms
  1960 | D:2      | Reached skill level 1 in Summonings
  1960 | D:2      | Reached skill level 1 in Necromancy
  1960 | D:2      | Reached skill level 1 in Translocations
  1960 | D:2      | Reached skill level 1 in Transmutations
  1960 | D:2      | Reached skill level 1 in Fire Magic
  1960 | D:2      | Reached skill level 1 in Ice Magic
  1960 | D:2      | Reached skill level 1 in Air Magic
  1960 | D:2      | Reached skill level 1 in Earth Magic
  1960 | D:2      | Reached skill level 1 in Poison Magic
  1960 | D:2      | Reached skill level 1 in Invocations
  1960 | D:2      | Reached XP level 4. HP: 25/38 MP: 1/11
  2070 | D:2      | Reached XP level 5. HP: 38/43 MP: 12/12
  2719 | D:3      | Noticed Bergy's ghost (amateur GrFi)
  2767 | D:3      | Slain by Bergy's ghost

Skill      XL: |  1  2  3 |
---------------+----------+-----
Conjurations   | 2 |  2.3
Spellcasting   | 5 |  5.1
Short Blades   | 1 |  1.4
Long Blades    | 1 |  1.4
Axes           | 1 |  1.4
Maces & Flails | 1 |  1.4
Polearms       | 1 |  1.4
Slings         | 1 |  1.4
Bows           | 1 |  1.4
Crossbows      | 1 |  1.4
Armour         | 1 |  1.4
Stealth        | 1 |  1.4
Shields        | 1 |  1.4
Unarmed Combat | 1 |  1.4
Hexes          | 1 |  1.1
Charms         | 1 |  1.1
Summonings     | 1 |  1.1
Necromancy     | 1 |  1.1
Translocations | 1 |  1.1
Transmutations | 1 |  1.1
Fire Magic     | 1 |  1.1
Ice Magic      | 1 |  1.1
Air Magic      | 1 |  1.1
Earth Magic    | 1 |  1.1
Poison Magic   | 1 |  1.1
Invocations    | 1 |  1.5
Fighting       | |  4.7
Staves         | |  4.7
Throwing       | |  2.9
Dodging        | |  2.9
Evocations     | |  2.9

Action                   |  1- 3 |  4- 6 || total
-------------------------+-------+-------++-------
Melee: Dagger            |   129 |    46 ||   175
       Bite              |    10 |     4 ||    14
       Quarterstaff      |       |    10 ||    10
Throw: Stone             |     8 |       ||     8
 Cast: Summon Small Mamm |    15 |    10 ||    25
       Call Canine Famil |     2 |     1 ||     3
  Use: Potion            |       |     2 ||     2
 Stab: Distracted        |       |     1 ||     1
  Eat: Chunk             |     3 |     3 ||     6
Armor: Robe              |    20 |     5 ||    25
       Skin              |       |     2 ||     2
Dodge: Dodged            |    94 |    30 ||   124
